 Dungeon Crawl Stone Soup version 0.30-a0-709-gcdc1b43e22 (webtiles) character file.

Game seed: 4110422044552264278

27468 DungeonMaster the Thaumaturge (level 13, -3/91 HPs)
             Began as a Demonspawn Hedge Wizard on Jan 21, 2023.
             Was a High Priest of Vehumet.
             Succumbed to barbed spike wounds
             ... on level 2 of the Orcish Mines on Jan 22, 2023.
             The game lasted 01:11:47 (12692 turns).

DungeonMaster the Thaumaturge (DsHW)               Turns: 12692, Time: 01:11:48

Health: -3/91      AC: 23    Str: 10    XL:     13   Next: 4%
Magic:  9/29       EV: 12    Int: 20    God:    Vehumet [*****.]
Gold:   1186       SH: 13    Dex: 14    Spells: 10/36 levels left

rFire   . . .      SeeInvis .    a - +2 trident (venom)
rCold   . . .      Faith    +    r - +2 kite shield
rNeg    + . .      Spirit   .    T - +2 leather armour {rN+}
rPois   +          Reflect  .    I - +0 helmet
rElec   .          Harm     .    A - +1 cloak
rCorr   .          Rampage  .    (no gloves)
Will    .....                    q - +0 pair of boots
Stlth   ++                       Q - amulet of faith
HPRegen 0.35/turn                v - +4 ring of protection
MPRegen 0.21/turn                S - ring of poison resistance

@: spiked, sanguine armoured
A: hooves 1, ignite blood 2, sanguine armour 2
a: Renounce Religion


You were on level 2 of the Orcish Mines.
You worshipped Vehumet.
Vehumet was extremely pleased with you.
You visited 2 branches of the dungeon, and saw 11 of its levels.
You also visited: Bailey.

You collected 1348 gold pieces.
You spent 162 gold pieces at shops.

Inventory:

Hand Weapons
 a - a +2 trident of venom (weapon)
 k - a +0 club of flaming
 s - a +2 trident of protection
 w - a +1 sling of flaming
 B - a +1 dagger of electrocution
 H - a +3 hand axe of freezing
 K - a +0 broad axe
 L - a +0 broad axe
 O - a +0 broad axe
Missiles
 G - 6 boomerangs (quivered)
 N - 10 poisoned darts
Armour
 c - the +6 scale mail of Pantheism {rCorr}
   (You bought it in a shop on level 4 of the Dungeon)

   rCorr:     It protects you from acid and corrosion.
 q - a +0 pair of boots (worn)
 r - a +2 kite shield (worn)
 y - a +3 plate armour of cold resistance
 A - a +1 cloak (worn)
 C - a +2 robe of fire resistance
 I - a +0 helmet (worn)
 T - a +2 leather armour of positive energy (worn)
Jewellery
 e - a ring of protection from fire
 h - the ring of Rainlisio {Str+6 Slay+3}
   (You took it off an orc warrior in a bailey)

   [ring of strength]

   Str:       It affects your strength (+6).
   Slay:      It affects your accuracy & damage with ranged weapons and melee
   (+3).
 p - a ring of wizardry
 v - a +4 ring of protection (left hand)
 D - a +6 ring of dexterity
 Q - an amulet of faith (around neck)
 S - a ring of poison resistance (right hand)
Wands
 x - a wand of digging (4)
 E - a wand of paralysis (7)
 J - a wand of flame (8)
Scrolls
 b - 2 scrolls of fog
 R - a scroll of brand weapon
Potions
 d - a potion of magic
 f - 4 potions of heal wounds
 g - 3 potions of brilliance
 i - 3 potions of haste
 j - 2 potions of lignification
 l - 2 potions of attraction {unknown}
 m - 3 potions of might {unknown}
 n - 7 potions of curing
 o - 6 potions of mutation
 t - a potion of cancellation {unknown}
 u - 2 potions of degeneration {unknown}
 z - a potion of ambrosia {unknown}
 P - 4 potions of invisibility {unknown}


   Skills:
 - Level 5.2 Fighting
 - Level 4.7 Armour
 - Level 5.2 Dodging
 - Level 2.0 Stealth
 + Level 9.5 Shields
 - Level 12.4 Spellcasting
 - Level 8.2 Conjurations
 - Level 1.2 Summonings
 - Level 1.1 Translocations
 - Level 4.0 Fire Magic
 - Level 5.0 Air Magic


You had 10 spell levels left.
You knew the following spells:

 Your Spells              Type           Power      Damage    Failure   Level
a - Magic Dart            Conj           100%       1d8       1%          1
b - Searing Ray           Conj           90%        2d7       1%          2
c - Fireball              Conj/Fire      18%        3d9       10%         5
d - Mephitic Cloud        Conj/Pois/Air  30%        N/A       2%          3
e - Flame Wave            Conj/Fire      37%        2d10      3%          4
f - Kindle Blastsparks    Fire/Tloc/Air  52%        2d14      3%          3
g - Blink                 Tloc           34%        N/A       16%         2
h - Sticky Flame          Conj/Fire      37%        2d6       3%          4
i - Passwall              Tmut/Erth      10%        N/A       24%         2

Your spell library contained the following spells:

 Spells                   Type           Power      Damage    Failure   Level
 Lee's Rapid Deconstruct  Erth           6%         3d6*      71%         5
 Inner Flame              Hex/Fire       20%        N/A       6%          3
 Swiftness                Air            32%        N/A       6%          3
 Fulminant Prism          Conj/Hex       14%        3d8       9%          4
 Cigotuvi's Dreadful Rot  Necr/Pois/Air  38%        N/A       12%         2
 Call Imp                 Summ           17%        N/A       14%         2
 Beastly Appendage        Tmut           24%        N/A       16%         1
 Slow                     Hex            48%        N/A       16%         1
 Lesser Beckoning         Tloc           34%        N/A       16%         2
 Ensorcelled Hibernation  Hex/Ice        24%        N/A       24%         2
 Sublimation of Blood     Necr           12%        N/A       24%         2
 Wereblood                Tmut           12%        N/A       24%         2
 Call Canine Familiar     Summ           17%        N/A       28%         3
 Gell's Gravitas          Tloc           17%        N/A       30%         3
 Teleport Other           Tloc           17%        N/A       30%         3
 Portal Projectile        Hex/Tloc       28%        N/A       36%         3
 Spider Form              Tmut/Pois      12%        N/A       43%         3
 Leda's Liquefaction      Hex/Erth       6%         N/A       85%         4
 Summon Forest            Summ/Tloc      8%         N/A       95%         5
 Dispersal                Tloc           8%         N/A       100%        6
 Summon Hydra             Summ           8%         N/A       100%        7


Dungeon Overview and Level Annotations

Branches:
Dungeon (9/15)             Temple (0/1) D:5             Orc (2/2) D:9
    Elf (0/3) Orc:2        Bailey (visited)
   Lair: D:8-11

Altars:
Gozag
Nemelex Xobeh
Okawaru
Vehumet
Xom

Shops:
D:4 [


Innate Abilities, Weirdness & Mutations

You have large cloven feet.
Your demonic aura often causes spilled blood to erupt in flames.
When seriously injured, your blood forms thick armour. (AC +9)


Message History

The flame wave engulfs the orc high priest!
The orc high priest is heavily wounded.
The flame wave engulfs the red devil.
The red devil completely resists.
The red devil is lightly wounded.
The flame wave engulfs the ice devil!
The ice devil is burned terribly!
The ice devil is moderately wounded.
You finish channelling waves of flame.
The orc high priest hits you with a +0 long sword.
You block the sun demon's attack.
The barbs in your skin will harm you if you move.
Continue?
Okay, then.
The barbs in your skin will harm you if you move.
Continue?
Okay, then.
Unknown command.
The barbs in your skin will harm you if you move.
Continue?
The sun demon attacks as you move away!
The sun demon hits you but does no damage.
The orc high priest attacks as you move away!
The orc high priest hits you but does no damage.
The barbed spikes dig painfully into your body as you move.
Things that are here:
a +0 battleaxe; a +0 plate armour; an orc corpse The barbed spikes dig painfully into your body as you move.
You block the sun demon's attack.
Things that are here:
a +0 whip; a +0 club; a +0 club The barbed spikes dig painfully into your body as you move.
Items here: ))) [.
The barbed spikes dig painfully into your body as you move.
Items here: ))) [[.
The barbed spikes dig painfully into your body as you move.
* * * LOW HITPOINT WARNING * * *
The sun demon hits you but does no damage.
Items here: )))))) [[[.
The sun demon attacks as you move away! The sun demon hits you!
* * * LOW HITPOINT WARNING * * *
You are engulfed in flames!
* * * LOW HITPOINT WARNING * * *
The barbed spikes dig painfully into your body as you move.
You die...

......................##..#......
.................4)..............
.................4##.............
......#.......)4).##..........###
.....##...#...o○#####..5....### #
....##...###..[#[## ####....#
##.####.###....[3.# #.#### ....#
### #...##§[## ##.## .#...#
##...#@[)# ##.5.# ..#.##
##.###.####.)5## .#### ## ###
#.5[o## ## ###[[[3o###
#..§[o5...# ###[[..o###
#.)..[..[.# #.........#
#.....)..o#


You could see an orc high priest, a sun demon (summoned) and an ice devil
(summoned).

Vanquished Creatures
  2 orc warlords
  3 orc high priests (Orc:2)
  6 orc knights
  4 orc sorcerers (Orc:2)
  Maggie (D:6)
  Psyche (D:8)
  17 yaks
  A wraith (D:9)
  Eustachio (D:5)
  2 steam dragons
  Edmund (D:6)
  A warg (Orc:1)
  A water moccasin (D:5)
  38 orc warriors
  2 black bears
  6 ogres
  2 phantoms
  2 kobold brigands
  A bullfrog (D:7)
  A gnoll sergeant (D:5)
  2 necrophages
  A scorpion (D:7)
  5 wights (D:8)
  19 killer bees
  An electric eel (Orc:2)
  2 howler monkeys
  5 hounds
  22 orc priests
  2 jellies
  An iguana (D:6)
  25 orc wizards
  17 gnolls
  11 adders
  A shadow imp (D:5)
  2 white imps
  2 worms
  4 dart slugs
  90 orcs
  8 endoplasms
  2 giant cockroaches
  22 goblins
  11 hobgoblins
  21 kobolds
  5 ball pythons
  6 bats
  5 frilled lizards
  4 rats (D:1)
389 creatures vanquished.

Vanquished Creatures (others)
  14 plants (D:1)
14 creatures vanquished.

Grand Total: 403 creatures vanquished

Notes
Turn   | Place    | Note
-------+----------+-------------------------------------------
     0 | D:1      | DungeonMaster the Demonspawn Hedge Wizard began the quest
                  | for the Orb.
     0 | D:1      | Reached XP level 1. HP: 13/13 MP: 4/4
    74 | D:1      | Reached skill level 1 in Translocations
   211 | D:1      | Gained mutation: Your demonic aura sometimes causes spilled
                  | blood to erupt in flames. [demonic ancestry]
   211 | D:1      | Reached XP level 2. HP: 12/19 MP: 1/6
   342 | D:1      | Learned a level 2 spell: Blink
  1130 | D:1      | Gained mutation: When seriously injured, your blood forms
                  | armour. (AC +9) [demonic ancestry]
  1130 | D:1      | Reached XP level 3. HP: 24/24 MP: 1/7
  1193 | D:1      | Found a faded altar of an unknown god.
  1303 | D:1      | Learned a level 3 spell: Mephitic Cloud
  1750 | D:2      | Found a radiant altar of Vehumet.
  1756 | D:2      | Became a worshipper of Vehumet
  1913 | D:2      | Got the Secrets of the Gang and the Jaunt
  1989 | D:2      | You fall into a shaft and drop 1 floor!
  2607 | D:3      | Found a shimmering altar of Xom.
  2623 | D:3      | Gained mutation: When seriously injured, your blood forms
                  | thick armour. (AC +9) [demonic ancestry]
  2623 | D:3      | Reached XP level 4. HP: 30/30 MP: 3/9
  3558 | D:4      | Found Bomal's Antique Armour Shoppe.
  3649 | D:4      | Learned a level 4 spell: Sticky Flame
  3656 | D:4      | Noticed a necrophage
  3678 | D:4      | Killed a necrophage
  3679 | D:4      | Reached skill level 4 in Spellcasting
  3679 | D:4      | Reached skill level 1 in Air Magic
  3679 | D:4      | Reached XP level 5. HP: 32/35 MP: 4/11
  3972 | D:4      | Reached * piety under Vehumet
  3972 | D:4      | Offered knowledge of Sandblast by Vehumet.
  4030 | D:4      | Reached XP level 6. HP: 40/41 MP: 10/12
  4067 | D:5      | Entered Level 5 of the Dungeon
  4473 | D:5      | Reached skill level 5 in Spellcasting
  4473 | D:5      | Reached XP level 7. HP: 46/46 MP: 8/14
  4728 | D:5      | Found a staircase to the Ecumenical Temple.
  4927 | D:5      | Reached skill level 5 in Conjurations
  4938 | D:5      | Noticed Eustachio
  5071 | D:5      | Killed Eustachio
  5072 | D:5      | Reached XP level 8. HP: 52/52 MP: 5/16
  5259 | D:6      | Reached skill level 6 in Spellcasting
  5468 | D:6      | Noticed Maggie
  5799 | D:5      | Reached skill level 5 in Air Magic
  5954 | D:6      | Noticed Edmund
  5979 | D:6      | Killed Edmund
  6204 | D:6      | Reached skill level 7 in Spellcasting
  6211 | D:6      | Offered knowledge of Freeze by Vehumet.
  6212 | D:6      | Reached skill level 1 in Fire Magic
  6214 | D:6      | Reached ** piety under Vehumet
  6231 | D:6      | Killed Maggie
  6232 | D:6      | Gained mutation: You have large cloven feet. [demonic
                  | ancestry]
  6232 | D:6      | Reached XP level 9. HP: 47/57 MP: 2/19
  6357 | D:6      | Learned a level 4 spell: Flame Wave
  6454 | D:7      | Learned a level 2 spell: Searing Ray
  6852 | D:7      | Reached skill level 8 in Spellcasting
  7222 | D:8      | Noticed Psyche
  7236 | D:8      | Reached skill level 1 in Fighting
  7236 | D:8      | Reached skill level 1 in Armour
  7424 | D:8      | Killed Psyche
  7425 | D:8      | Reached XP level 10. HP: 55/66 MP: 20/22
  7518 | D:8      | Offered knowledge of Ignite Poison by Vehumet.
  7797 | D:8      | Reached *** piety under Vehumet
  8019 | D:8      | Offered knowledge of Kindle Blastsparks by Vehumet.
  8111 | D:8      | Learned a level 3 spell: Kindle Blastsparks
  8287 | D:8      | Reached skill level 9 in Spellcasting
  8524 | D:9      | Reached **** piety under Vehumet
  8539 | D:9      | Found a flagged portal.
  8547 | D:9      | Offered knowledge of Dazzling Flash by Vehumet.
  8559 | Bailey   | Entered a bailey
  8710 | Bailey   | Noticed an orc knight
  8740 | Bailey   | Killed an orc knight
  8823 | Bailey   | Noticed an orc warlord
  8845 | Bailey   | Identified the ring of Rainlisio {Str+6 Slay+3}
  8878 | Bailey   | Killed an orc warlord
  8879 | Bailey   | Reached XP level 11. HP: 43/78 MP: 4/24
  8959 | Bailey   | Reached skill level 5 in Dodging
  9069 | Bailey   | Noticed an orc knight
  9108 | Bailey   | Killed an orc knight
  9109 | Bailey   | Reached skill level 5 in Fighting
  9207 | Bailey   | Reached skill level 12 in Spellcasting
  9207 | Bailey   | Reached XP level 12. HP: 86/86 MP: 24/28
  9355 | Bailey   | Reached ***** piety under Vehumet
  9405 | Bailey   | Offered knowledge of Fireball by Vehumet.
  9414 | Bailey   | Learned a level 5 spell: Fireball
  9672 | D:9      | Learned a level 2 spell: Passwall
  9688 | D:9      | Found a sparkling altar of Nemelex Xobeh.
  9693 | D:9      | Found an iron altar of Okawaru.
  9696 | D:9      | Found an opulent altar of Gozag.
  9802 | D:9      | Found a staircase to the Orcish Mines.
  9954 | D:4      | Bought a translucent scale mail for 162 gold pieces
  9954 | D:4      | Identified the +6 scale mail of Pantheism {rCorr} (You
                  | bought it in a shop on level 4 of the Dungeon)
 10078 | D:9      | Reached skill level 1 in Shields
 10342 | Orc:1    | Entered Level 1 of the Orcish Mines
 10729 | Orc:2    | Entered Level 2 of the Orcish Mines
 11058 | Orc:1    | You fall into a shaft and drop 1 floor!
 11059 | Orc:2    | Found a staircase to the Elven Halls.
 11078 | Orc:2    | Noticed an orc high priest
 11080 | Orc:2    | Noticed an orc warlord
 11080 | Orc:2    | Noticed an orc high priest
 11081 | Orc:2    | Reached skill level 5 in Shields
 11316 | Orc:2    | Killed an orc high priest
 11659 | Orc:1    | Killed an orc warlord
 11876 | Orc:2    | Killed an orc high priest
 12219 | Orc:2    | Offered knowledge of Lee's Rapid Deconstruction by Vehumet.
 12231 | Orc:1    | Gained mutation: Your demonic aura often causes spilled
                  | blood to erupt in flames. [demonic ancestry]
 12231 | Orc:1    | Reached XP level 13. HP: 64/91 MP: 19/29
 12692 | Orc:2    | HP: 2/91 [sun demon[an orc high priest] (14)]
 12692 | Orc:2    | Succumbed to barbed spike wounds

Illustrated notes

Levels and vault maps discovered:
D:1:      sevenhm_arrival_forest_fort_small_4, layout_loops_cross,
          shapermc_ecumenical_altar_hornbeckon, minmay_misc_feat_nine_boxes,
          lexackson_kobold_supper
D:2:      layout_loops_ring, basic_altar
D:3:      layout_loops_ring, nicolae_overflow_crystal_walls,
          kennysheep_generic_room_8
D:4:      layout_gridville, serial_shops, kennysheep_little_box
D:5:      layout_rooms, minmay_temple_entry_antechambers, uniq_eustachio
D:6:      layout_rooms, tso_oasis_becter, uniq_edmund, uniq_maggie
D:7:      layout_basic, hangedman_decor_peaks_small, minmay_misc_feat_cross
D:8:      layout_rooms, uniq_psyche
D:9:      layout_roguey, minmay_overflow_temple_star_quad, orc_0_dummy,
          enter_bailey_3
Orc:1:    layout_caves
Orc:2:    st_orc_congregation, layout_diamond_mine, nicolae_orc_flooded_monolith

Skill      XL: |  1  2  3  4  5  6  7  8  9 10 11 12 |
---------------+-------------------------------------+-----
Translocations | 1 |  1.1
Stealth        | 2 |  2.0
Dodging        | 2 4 5 |  5.2
Conjurations   | 2 3 4 5 7 8 |  8.2
Spellcasting   | 4 5 7 8 9 12 | 12.4
Air Magic      | 1 2 3 4 5 |  5.0
Fire Magic     | 1 4 |  4.0
Fighting       | 1 4 5 |  5.2
Armour         | 1 4 |  4.7
Shields        | 9 |  9.5
Summonings     | |  1.2

Action                     |  1- 3 |  4- 6 |  7- 9 | 10-12 | 13-15 || total
---------------------------+-------+-------+-------+-------+-------++-------
  Melee: Long sword        |    38 |     8 |       |       |       ||    46
         Short sword       |     4 |       |       |       |       ||     4
         Punch             |     1 |     1 |     4 |       |       ||     6
         Trident           |       |    62 |   173 |   247 |    15 ||   497
  Throw: Dart              |       |       |       |     5 |       ||     5
         Boomerang         |       |       |       |     6 |       ||     6
   Cast: Magic Dart        |    89 |    86 |    90 |   155 |    11 ||   431
         Mephitic Cloud    |       |     4 |    34 |    70 |     5 ||   113
         Flame Wave        |       |       |     5 |    43 |     5 ||    53
         Kindle Blastspark |       |       |       |     3 |       ||     3
         Sticky Flame      |       |       |       |     5 |       ||     5
         Fireball          |       |       |       |     5 |       ||     5
         Blink             |       |       |       |     3 |       ||     3
  Evoke: Wand              |       |       |       |    14 |       ||    14
    Use: Scroll            |    10 |       |     4 |     6 |       ||    20
         Potion            |       |       |     1 |     4 |       ||     5
   Stab: Sleeping          |     1 |       |       |       |       ||     1
         Confused          |       |     3 |    11 |    15 |       ||    29
 Armour: Robe              |    18 |    35 |    50 |       |       ||   103
         Steam dragon scal |       |       |    38 |    96 |       ||   134
         Leather armour    |       |       |       |    18 |    12 ||    30
  Dodge: Dodged            |    33 |    61 |   106 |   156 |    13 ||   369
  Block: Kite shield       |       |       |       |    94 |    29 ||   123

Table legend: (Time is in decaauts)
 A = Elapsed time spent in this place.
 B = Non-inter-level travel time spent in this place.
 C = Inter-level travel time spent in this place.
 D = Time resting spent in this place.
 E = Time spent auto-exploring this place.
 F = Levels seen in this place.
 G = Mean time per level.
                   A        B        C        D        E       F      G
               +--------+--------+--------+--------+--------+-----+--------+
         Total |  12888 |  12523 |    365 |   4831 |   2149 |  12 | 1074.0 |
       Dungeon |   9558 |   9194 |    364 |   3165 |   2034 |   9 | 1062.0 |
  Orcish Mines |   2298 |   2298 |      0 |   1233 |      0 |   2 | 1149.0 |
        Bailey |   1031 |   1031 |      0 |    433 |    115 |   1 | 1031.0 |
               +--------+--------+--------+--------+--------+-----+--------+

Top non-repeatable levels by time:
   Orc:1: 1679 daAuts
     D:5: 1448 daAuts
     D:1: 1345 daAuts
     D:7: 1283 daAuts
     D:3: 1280 daAuts
  Bailey: 1031 daAuts
     D:4: 918 daAuts
     D:2: 885 daAuts
     D:8: 854 daAuts
     D:9: 814 daAuts
     D:6: 728 daAuts
   Orc:2: 619 daAuts
